 Dungeon Crawl Stone Soup version bcrawl-1.19.1 (webtiles) character file.

Game seed: 16038822870510727297

209 Revguard the Shield-Bearer (level 6, -5/72 HPs)
             Began as a Human Fighter on Nov 26, 2019.
             Killed by divine providence
             ... invoked by an orc priest
              (13 damage)
             ... on level 3 of the Dungeon.
             The game lasted 00:05:42 (1780 turns).

Revguard the Shield-Bearer (Human Fighter)          Turns: 1780, Time: 00:05:43

Health: -5/72      AC: 23    Str: 16    XL:     6   Next: 12%
Magic:  6/6        EV:  2    Int:  8    God:
Gold:   207        SH: 11    Dex: 15    Spells: 5/5 levels left

rFire    . . .     SeeInvis .   a - +0 long sword
rCold    . . .     Gourm    .   c - +0 shield
rNeg     + + +     Faith    .   (armour currently unavailable)
rPois    +         Spirit   .   (helmet currently unavailable)
rElec    .         Reflect  .   (cloak currently unavailable)
rCorr    .         Harm     .   (gloves currently unavailable)
MR       .....     NoTele   +   (boots currently unavailable)
Stlth    +.........             (no amulet)
HPRegen  0.22/turn              (no ring)
MPRegen  0.10/turn              (no ring)

@: tree-form
A: no striking features
a: no special abilities


You were on level 3 of the Dungeon.
You were not hungry.
You were a tree.
You visited 1 branch of the dungeon, and saw 3 of its levels.

You collected 207 gold pieces.

Inventory:

Hand Weapons
 a - a +0 long sword (weapon)
Missiles
 k - 70 javelins of penetration (quivered)
 m - a throwing net {!f}
Armour
 b - a +0 scale mail
 c - a +0 shield (worn)
 g - a +0 helmet (melded)
 i - a +1 chain mail of cold resistance (melded)
Scrolls
 l - a scroll of teleportation
 n - a scroll of identify
 o - a scroll of fog {unknown}
Potions
 e - a potion of flight
 j - a potion of cancellation
Comestibles
 d - 2 chunks of flesh
 f - 5 rations {!d}


   Skills:
 + Level 3.7 Fighting
 + Level 4.0 Long Blades
 + Level 4.0 Armour
 + Level 0.3 Dodging
 + Level 4.9 Shields


You had 5 spell levels left.
You didn't know any spells.
Your spell library was empty.

Dungeon Overview and Level Annotations

Branches:
Dungeon (3/12)

Altars:


Message History

You barely resist. You block the orc's attack.
Your shield and chain mail prevent you from hitting the orc priest.
The orc priest is severely wounded.
The goblin hits you but does no damage. You block the orc's attack.
The orc priest mumbles some strange prayers to Beogh against you.
Beogh smites you!
* * * LOW HITPOINT WARNING * * *
The goblin hits you but does no damage.
You hit the orc priest but do no damage.
The orc priest is severely wounded.
The orc barely misses you. The goblin hits you.
* * * LOW HITPOINT WARNING * * *
You are too injured to fight recklessly!
It was a potion of lignification.
You turn into a tree.
Your +0 helmet melds into your body.
Your +1 chain mail of cold resistance melds into your body.
You feel less resistant to cold.
Your roots penetrate the ground.
The orc priest mumbles some strange prayers to Beogh against you.
Beogh smites you!
You die...

#............####+#.#
###............#......# #
#....#................# #
#....#........#........
###....#........#.###+#..
................#..#
........##########.## ##+
........#.......o#..#.....
##########.....o♣'.........
...### #......g#.........
.....## #..######...#####.
......## # ..#... ##.....##
...#.#... ###....#
...#...... ###...##
....##..... oK##....# ....#
.##+# .)Z ##...#


You could see an orc priest, an orc and a goblin.

Vanquished Creatures
  A water moccasin (D:3)
  3 adders
  2 oozes
  3 worms (D:3)
  2 leopard geckos
  An orc (D:3)
  A ball python (D:1)
  5 goblins
  7 hobgoblins
  5 jackals (D:2)
  7 kobolds
  2 quokkas
  9 bats
  3 frilled lizards
  5 rats
56 creatures vanquished.

Notes
Turn   | Place    | Note
-------+----------+-------------------------------------------
     0 | D:1      | Revguard the Human Fighter began the quest for the Orb.
     0 | D:1      | Reached XP level 1. HP: 18/18 MP: 1/1
   100 | D:1      | Reached XP level 2. HP: 15/24 MP: 2/2
   350 | D:1      | Reached XP level 3. HP: 29/29 MP: 3/3
  1000 | D:2      | Reached XP level 4. HP: 30/35 MP: 4/4
  1349 | D:3      | Noticed a water moccasin
  1375 | D:3      | Killed a water moccasin
  1375 | D:3      | Reached XP level 5. HP: 17/42 MP: 5/5
  1630 | D:3      | Reached XP level 6. HP: 48/48 MP: 6/6
  1780 | D:3      | Killed from afar by an orc priest

Skill      XL: |  1  2  3  4  5  6 |
---------------+-------------------+-----
Shields        | 4 |  4.9
Long Blades    | 3 4 |  4.0
Armour         | 4 |  4.0
Fighting       | |  3.7
Dodging        | |  0.3

Action                   |  1- 3 |  4- 6 || total
-------------------------+-------+-------++-------
Melee: Long sword        |   152 |   104 ||   256
Throw: Javelin           |       |    12 ||    12
  Use: Scroll            |       |     6 ||     6
       Potion            |       |     4 ||     4
  Eat: Chunk             |     1 |     2 ||     3
Armor: Chain mail        |   133 |    88 ||   221
Dodge: Dodged            |    37 |    23 ||    60
Block: Shield            |   121 |   101 ||   222
